[Event "Titled Tuesday Blitz July 18 Late 2023"]
[White "Cooper, Aaron"]
[Black "szachmistrz2500"]
[WhiteFideId "2634945"]
[WhiteElo "2291"]
[BlackElo "2474"]
[Result "0-1"]
[Round "7"]
[TimeControl "180+2"]
[Date "2023.07.18"]
[WhiteClock "0:00:15"]
[BlackClock "0:00:50"]
[Board "108"]

1. b4 e5 2. Bb2 Bxb4 3. Bxe5 Nf6 4. c3 Be7 5. Nf3 d5 6. g3 O-O 7. Bg2 c6 8. O-O Bf5 9. Bxf6 Bxf6 10. d4 Nd7 11. Nbd2 b5 12. a4 a6 13. Re1 Re8 14. Nb3 Be4 15. Nfd2 Bxg2 16. Kxg2 Qe7 17. e4 dxe4 18. Rxe4 Qd6 19. Rxe8+ Rxe8 20. axb5 axb5 21. Qf3 Nb6 22. Ra6 Nd5 23. c4 bxc4 24. Nxc4 Qc7 25. Ne3 Nb4 26. Ra4 Qb6 27. Nf5 Rd8 28. h4 Qb5 29. Ra5 Qb6 30. g4 Nc2 31. Ra4 Ne1+ 0-1


[Site "https://www.chess.com"]

[Event "Titled Tuesday Blitz July 18 Late 2023"]
[White "Tomaszewski, Kacper"]
[Black "Izuzquiza Gonzalez, Javier"]
[WhiteFideId "1127373"]
[BlackFideId "3101029"]
[WhiteElo "2466"]
[BlackElo "2271"]
[Result "0-1"]
[Round "7"]
[TimeControl "180+2"]
[Date "2023.07.18"]
[WhiteClock "0:00:05"]
[BlackClock "0:00:08"]
[Board "109"]

1. e4 c5 2. Nf3 e6 3. c3 Nf6 4. e5 Nd5 5. a3 d6 6. d4 cxd4 7. c4 Nb6 8. Bg5 Be7 9. Bxe7 Qxe7 10. exd6 Qxd6 11. Nc3 Nc6 12. Nb5 Qe7 13. Nbxd4 Nxd4 14. Qxd4 O-O 15. O-O-O Bd7 16. Qd6 Qf6 17. Qe5 Qg6 18. Bd3 f5 19. g4 Qf6 20. gxf5 exf5 21. c5 Bc6 22. Qxf6 Rxf6 23. cxb6 Bxf3 24. Bc4+ Kf8 25. bxa7 Bxh1 26. Rxh1 Rxa7 27. Rd1 Ke7 28. Kc2 b6 29. Re1+ Kd7 30. Rd1+ Rd6 31. Bb5+ Ke7 32. Re1+ Kf6 33. Re8 g5 34. a4 h5 35. Rh8 h4 36. Rh6+ Ke5 37. f4+ gxf4 38. Rxh4 Rc7+ 39. Kb3 Ke4 40. Rh8 Ke3 41. Re8+ Kf2 42. Re5 Rc5 43. Rxc5 bxc5 44. a5 f3 45. a6 Rd8 46. Bc6 Ke3 47. a7 f2 48. Bg2 f4 49. Kc4 f3 50. Bf1 Ra8 51. Kxc5 Rxa7 52. b4 Rh7 53. h3 Kd2 54. b5 Ke1 55. Bc4 f1=Q 56. Bxf1 Kxf1 57. b6 Rxh3 58. b7 Rh8 59. Kd4 f2 0-1


[Site "https://www.chess.com"]

[Event "Titled Tuesday Blitz July 18 Late 2023"]
[White "Seyhanoglu, Deniz"]
[Black "Thiel, Thomas"]
[WhiteFideId "6302572"]
[BlackFideId "4615964"]
[WhiteElo "2421"]
[BlackElo "2262"]
[Result "1-0"]
[Round "7"]
[TimeControl "180+2"]
[Date "2023.07.18"]
[WhiteClock "0:00:52"]
[BlackClock "0:00:00"]
[Board "110"]

1. e4 d5 2. exd5 Nf6 3. c4 c6 4. d4 cxd5 5. Nc3 Nc6 6. Bg5 Be6 7. a3 g6 8. Be2 h6 9. Bxf6 exf6 10. Bf3 Ne7 11. c5 Bg7 12. Nge2 g5 13. g3 O-O 14. O-O Nc6 15. b4 a6 16. Qd3 f5 17. Bg2 Rb8 18. f4 g4 19. Rfd1 h5 20. Rab1 b6 21. Qxa6 Ra8 22. Qxb6 Qxb6 23. cxb6 Rxa3 24. Nxd5 Nb8 25. Ne7+ Kh7 26. d5 Bd7 27. Nd4 Bxd4+ 28. Rxd4 Re8 29. d6 Kg7 30. b5 Kf6 31. Nc6 Ra2 32. Ne5 Rc8 33. Bc6 Bxc6 34. bxc6 Nxc6 35. Nxc6 Rxc6 36. d7 Rcc2 37. d8=Q+ 1-0


[Site "https://www.chess.com"]

[Event "Titled Tuesday Blitz July 18 Late 2023"]
[White "Sarkar, Justin"]
[Black "KorolDimitriy75"]
[WhiteFideId "2010011"]
[WhiteElo "2252"]
[BlackElo "2412"]
[Result "0-1"]
[Round "7"]
[TimeControl "180+2"]
[Date "2023.07.18"]
[WhiteClock "0:00:00"]
[BlackClock "0:00:16"]
[Board "111"]

1. e4 c5 2. Nf3 d6 3. d4 cxd4 4. Nxd4 Nf6 5. Nc3 g6 6. Be3 Bg7 7. f3 O-O 8. Qd2 Nc6 9. Bc4 Bd7 10. O-O Rc8 11. Bb3 a6 12. a4 Na5 13. Ba2 Qc7 14. Bh6 Nc4 15. Bxc4 Qxc4 16. Bxg7 Kxg7 17. a5 Rfd8 18. Rfd1 e5 19. Nf5+ Bxf5 20. exf5 d5 21. fxg6 hxg6 22. Qg5 d4 23. Na4 Qb5 24. c3 Rd5 25. c4 Rxc4 26. Nb6 Rc2 27. Nxd5 Qxd5 28. Rd2 Rc5 0-1


[Site "https://www.chess.com"]

[Event "Titled Tuesday Blitz July 18 Late 2023"]
[White "Cardenas Carbajal, Nilson"]
[Black "Zenin, Dmitry"]
[WhiteFideId "8401128"]
[BlackFideId "4127897"]
[WhiteElo "2194"]
[BlackElo "2411"]
[Result "1-0"]
[Round "7"]
[TimeControl "180+2"]
[Date "2023.07.18"]
[WhiteClock "0:00:43"]
[BlackClock "0:01:08"]
[Board "112"]

1. e4 e5 2. Nf3 Nc6 3. Bc4 Bc5 4. c3 Nf6 5. d4 exd4 6. cxd4 Bb4+ 7. Nc3 Nxe4 8. O-O Bxc3 9. d5 Bf6 10. Re1 Ne7 11. Rxe4 d6 12. Bg5 Bxg5 13. Nxg5 h6 14. Qe2 hxg5 15. Re1 Be6 16. dxe6 f6 17. h4 gxh4 18. Qg4 Kf8 19. Qh3 g5 20. f4 d5 21. fxg5 fxg5 22. Qf3+ Kg7 23. Qf7+ Kh6 24. Qf6+ Kh7 25. Rxh4+ 1-0


[Site "https://www.chess.com"]

[Event "Titled Tuesday Blitz July 18 Late 2023"]
[White "UgarteCesar"]
[Black "Troff, Kayden"]
[BlackFideId "2047896"]
[WhiteElo "2250"]
[BlackElo "2767"]
[Result "0-1"]
[Round "7"]
[TimeControl "180+2"]
[Date "2023.07.18"]
[WhiteClock "0:01:07"]
[BlackClock "0:01:42"]
[Board "113"]

1. d4 Nf6 2. Bf4 g6 3. e3 Bg7 4. h3 d6 5. Nf3 O-O 6. Be2 Nc6 7. O-O Nd7 8. c3 e5 9. dxe5 Ndxe5 10. Na3 Be6 11. Nd4 Bd7 12. Nf3 Re8 13. Nc4 Qe7 14. Ncxe5 dxe5 15. Bg3 Rad8 16. Qb3 Na5 17. Qc2 e4 18. Nd4 c5 19. Nb3 Ba4 20. c4 Nc6 21. a3 Na5 0-1


[Site "https://www.chess.com"]

[Event "Titled Tuesday Blitz July 18 Late 2023"]
[White "Sadovsky, Artem"]
[Black "AndresDelgado77"]
[WhiteFideId "4155840"]
[WhiteElo "2551"]
[BlackElo "2341"]
[Result "1-0"]
[Round "7"]
[TimeControl "180+2"]
[Date "2023.07.18"]
[WhiteClock "0:00:50"]
[BlackClock "0:00:00"]
[Board "114"]

1. Nf3 d5 2. e3 Nf6 3. c4 c6 4. b3 Bf5 5. Bb2 e6 6. Be2 h6 7. O-O Nbd7 8. d3 Be7 9. Nbd2 O-O 10. Qc2 Bh7 11. Rad1 a5 12. a3 Rc8 13. Qc1 b5 14. Qa1 Nc5 15. Ne5 dxc4 16. dxc4 Bc2 17. cxb5 Bxd1 18. Rxd1 cxb5 19. Bxb5 Qb6 20. a4 Rfd8 21. Bd4 Qc7 22. Nc6 Rd5 23. Qb1 Ng4 24. Nf3 e5 25. Qf5 Nxf2 26. Kxf2 Bd6 27. Bc4 g6 28. Qh3 exd4 29. Bxd5 dxe3+ 30. Ke2 1-0


[Site "https://www.chess.com"]

[Event "Titled Tuesday Blitz July 18 Late 2023"]
[White "Prydun, Andriy"]
[Black "Palencia Morales, Wilson Guillermo"]
[WhiteFideId "14145898"]
[BlackFideId "4401859"]
[WhiteElo "2336"]
[BlackElo "2544"]
[Result "1-0"]
[Round "7"]
[TimeControl "180+2"]
[Date "2023.07.18"]
[WhiteClock "0:00:05"]
[BlackClock "0:00:00"]
[Board "115"]

1. d4 Nf6 2. Nd2 c5 3. dxc5 Qa5 4. Nf3 e6 5. e4 Nxe4 6. c3 Nxd2 7. Bxd2 Qxc5 8. Bd3 Nc6 9. O-O Be7 10. a4 a5 11. Re1 Qh5 12. Qb1 f5 13. b4 axb4 14. cxb4 Bf6 15. Ra3 Ne7 16. a5 O-O 17. b5 Nd5 18. Bc4 Ne7 19. Bb4 d5 20. Be2 Qf7 21. Rc1 e5 22. Rc7 e4 23. Nd4 Bxd4 24. Rxe7 Qg6 25. Qd1 Qf6 26. b6 Rd8 27. Bb5 Be5 28. Ra2 Rb8 29. Rd2 Be6 30. Rc7 d4 31. Be7 Qg6 32. Bxd8 Rxd8 33. Rxb7 Bd5 34. Rc7 Bxc7 35. bxc7 Rc8 36. Rxd4 Rxc7 37. Rxd5 h6 38. Rd7 Rc5 39. Qb3+ Kh7 40. Bf1 f4 41. Qf7 Qxf7 42. Rxf7 e3 43. Rxf4 Rxa5 44. fxe3 Ra3 45. Kf2 g5 46. Re4 Kg6 47. Rd4 Kf5 48. Be2 Ra2 49. h4 Rb2 50. hxg5 hxg5 51. g4+ Ke5 52. Rc4 Ra2 53. Rc5+ Kf6 54. Rf5+ Kg6 55. Kf3 Ra1 56. Bd3 1-0


[Site "https://www.chess.com"]

[Event "Titled Tuesday Blitz July 18 Late 2023"]
[White "Shubenkova, Veronika"]
[Black "Dubreuil, Julien"]
[WhiteFideId "44124040"]
[BlackFideId "621285"]
[WhiteElo "2503"]
[BlackElo "2334"]
[Result "0-1"]
[Round "7"]
[TimeControl "180+2"]
[Date "2023.07.18"]
[WhiteClock "0:01:19"]
[BlackClock "0:00:21"]
[Board "116"]

1. e4 e5 2. Nf3 Nc6 3. Bb5 a6 4. Bxc6 dxc6 5. O-O f6 6. d4 Bg4 7. dxe5 Qxd1 8. Rxd1 fxe5 9. Nc3 Bd6 10. Bg5 Ne7 11. Rd3 Ng6 12. Ne2 O-O 13. c4 Bxf3 14. gxf3 h6 15. Be3 Nh4 16. c5 Nxf3+ 17. Kg2 Be7 18. Rd7 Nh4+ 19. Kh1 Bg5 20. Rg1 Nf3 21. Rg3 Rad8 22. Rxd8 Bxd8 23. Bxh6 Rf7 24. Bxg7 Bh4 25. Rg4 Rxg7 26. Rxg7+ Kxg7 27. Kg2 Nd4 28. Nxd4 exd4 29. f4 d3 30. Kf3 d2 31. Ke2 Be1 32. Kd1 Kf6 33. h4 Bxh4 34. Kxd2 Bf2 35. b4 a5 36. a3 axb4 37. axb4 Ke6 38. Ke2 Bg3 39. Kf3 Be1 40. Kg4 Bxb4 41. Kg5 Bd2 42. Kg4 Be3 0-1


[Site "https://www.chess.com"]

[Event "Titled Tuesday Blitz July 18 Late 2023"]
[White "Calin, Alexandru"]
[Black "Yeritsyan, Hayk"]
[WhiteFideId "1222961"]
[BlackFideId "13307320"]
[WhiteElo "2315"]
[BlackElo "2483"]
[Result "1-0"]
[Round "7"]
[TimeControl "180+2"]
[Date "2023.07.18"]
[WhiteClock "0:00:03"]
[BlackClock "0:00:14"]
[Board "118"]

1. d4 d5 2. Nc3 Nf6 3. Bg5 e6 4. e4 dxe4 5. Nxe4 Be7 6. Bxf6 Bxf6 7. Nf3 Nd7 8. c3 b6 9. Bd3 Bb7 10. Qc2 Be7 11. O-O-O h6 12. Kb1 c6 13. Rhe1 Qc7 14. Ned2 O-O-O 15. Nc4 Bf6 16. Be4 Kb8 17. Qe2 Rhe8 18. h3 b5 19. Ne3 a6 20. Ng4 c5 21. Bxb7 Kxb7 22. dxc5 Qxc5 23. Qe4+ Qc6 24. Nxf6 Nxf6 25. Qxc6+ Kxc6 26. Rxd8 Rxd8 27. Ne5+ Kb6 28. Kc2 Rf8 29. Rd1 Kc7 30. g4 Nd5 31. b3 f6 32. Ng6 Rd8 33. Re1 e5 34. Nh4 Ne7 35. Ng2 Ng6 36. Ne3 Nf4 37. h4 Nd3 38. Re2 g6 39. h5 gxh5 40. gxh5 Nf4 41. Re1 Nxh5 42. Rh1 Ng7 43. Rxh6 f5 44. Rh7 Rd7 45. c4 f4 46. Nd5+ Kd6 47. Rh6+ Kc5 48. b4+ Kd4 49. Nb6 Rc7 50. c5 e4 51. Rd6+ Ke5 52. Rd8 Ne6 53. Re8 e3 54. fxe3 f3 55. Kd1 Ke4 56. Ke1 Kf5 57. Kf2 Ng5 58. Rf8+ Ke5 59. Re8+ Kf6 60. Nd5+ Kf7 61. Nxc7 Ne6 62. Rxe6 1-0


[Site "https://www.chess.com"]

[Event "Titled Tuesday Blitz July 18 Late 2023"]
[White "Kaplan, Avi Harrison"]
[Black "Vifleemskaia, Svetlana"]
[WhiteFideId "30934559"]
[BlackFideId "4129490"]
[WhiteElo "2482"]
[BlackElo "2323"]
[Result "0-1"]
[Round "7"]
[TimeControl "180+2"]
[Date "2023.07.18"]
[WhiteClock "0:00:02"]
[BlackClock "0:00:05"]
[Board "119"]

1. d4 Nf6 2. c4 e6 3. Nf3 Bb4+ 4. Bd2 Qe7 5. g3 Nc6 6. Bg2 Bxd2+ 7. Qxd2 d6 8. O-O a5 9. Nc3 O-O 10. e4 e5 11. dxe5 Nxe5 12. Nxe5 dxe5 13. Nd5 Qd6 14. Qc2 Qc5 15. Nxf6+ gxf6 16. h3 Be6 17. Rfc1 Rfd8 18. a4 Qd4 19. Ra3 Qd2 20. Qb1 Rd4 21. Rac3 Ra6 22. Bf1 Rb6 23. b3 c5 24. R1c2 Qg5 25. Rd3 Rbd6 26. Rxd4 Rxd4 27. Qc1 b6 28. Qe1 h5 29. Rc3 h4 30. Kh2 Kf8 31. gxh4 Qf4+ 32. Rg3 Rxe4 33. Qd1 Rd4 34. Qh5 Qxf2+ 35. Bg2 Ke7 36. Qh8 Qf4 37. Qb8 Rd3 38. Qc7+ Bd7 39. Kg1 Qxg3 40. Kf1 Qf4+ 41. Ke2 Qe3+ 42. Kf1 Rd1# 0-1


[Site "https://www.chess.com"]

[Event "Titled Tuesday Blitz July 18 Late 2023"]
[White "Cruz, William Ferreira Da"]
[Black "Petukhov, Dmitry"]
[WhiteFideId "2118050"]
[BlackFideId "4142748"]
[WhiteElo "2308"]
[BlackElo "2467"]
[Result "1/2-1/2"]
[Round "7"]
[TimeControl "180+2"]
[Date "2023.07.18"]
[WhiteClock "0:00:13"]
[BlackClock "0:00:27"]
[Board "120"]

1. d4 Nf6 2. c4 g6 3. Nc3 d5 4. Bf4 Bg7 5. e3 O-O 6. Rc1 dxc4 7. Bxc4 c5 8. dxc5 Nbd7 9. b4 a5 10. a3 axb4 11. axb4 Nh5 12. Bg5 b6 13. Nd5 Nhf6 14. c6 Ne5 15. c7 Qe8 16. Nxb6 Nxc4 17. Nxc4 Ne4 18. Nf3 Nxg5 19. Nxg5 Qb5 20. Nf3 Qxb4+ 21. Qd2 Qxd2+ 22. Nfxd2 Ra7 23. Nb6 Rb7 24. Nxc8 Rxc8 25. O-O Rbxc7 26. Rxc7 Rxc7 27. Ne4 Rc4 28. Nd2 Rc2 29. Nf3 Bf6 30. h3 h5 31. g3 Kg7 32. Kg2 e5 33. h4 e4 34. Ng1 g5 35. hxg5 Bxg5 36. Re1 h4 37. gxh4 Bxh4 38. Nh3 f5 39. Kf1 Kg6 40. Re2 Rc1+ 41. Kg2 Bg5 42. Ra2 Rc6 43. f3 Bxe3 44. fxe4 fxe4 45. Re2 Rc3 46. Nf2 Bxf2 47. Kxf2 Kf5 48. Ke1 Kf4 49. Rh2 Ke3 50. Rh3+ Kd4 51. Rxc3 Kxc3 52. Ke2 Kd4 53. Kd2 e3+ 54. Ke2 Ke4 55. Ke1 Kd3 56. Kd1 Kd4 57. Ke2 Ke4 58. Ke1 Kf3 59. Kf1 Kf4 60. Ke2 Ke4 1/2-1/2


[Site "https://www.chess.com"]

[Event "Titled Tuesday Blitz July 18 Late 2023"]
[White "Rama, Tejas"]
[Black "Garmendiarov"]
[WhiteFideId "30907381"]
[WhiteElo "2454"]
[BlackElo "2300"]
[Result "1-0"]
[Round "7"]
[TimeControl "180+2"]
[Date "2023.07.18"]
[WhiteClock "0:00:13"]
[BlackClock "0:00:00"]
[Board "121"]

1. d4 Nf6 2. c4 g6 3. Nf3 Bg7 4. Nc3 d5 5. Qb3 dxc4 6. Qxc4 O-O 7. e4 Nc6 8. Be2 e5 9. d5 Nd4 10. Nxd4 exd4 11. Qxd4 c6 12. Qc4 b5 13. Qxc6 Bd7 14. Qd6 Re8 15. e5 b4 16. Qxb4 Rxe5 17. O-O Rb8 18. Qc5 Qb6 19. Qxb6 Rxb6 20. Bf3 Bg4 21. Be3 Rxb2 22. Bd4 Rf5 23. Rab1 Rxb1 24. Rxb1 h5 25. Rb8+ Kh7 26. Bxg4 Nxg4 27. Bxg7 Kxg7 28. f3 Nf6 29. d6 Rc5 30. Ne4 Rc1+ 31. Kf2 Rd1 32. Rb7 Nxe4+ 33. fxe4 Rxd6 34. Rxa7 1-0


[Site "https://www.chess.com"]

[Event "Titled Tuesday Blitz July 18 Late 2023"]
[White "Melnichuk, Mikhail"]
[Black "Barwinska, Ewa"]
[WhiteFideId "14117533"]
[BlackFideId "21833761"]
[WhiteElo "2452"]
[BlackElo "2293"]
[Result "1-0"]
[Round "7"]
[TimeControl "180+2"]
[Date "2023.07.18"]
[WhiteClock "0:00:35"]
[BlackClock "0:00:02"]
[Board "122"]

1. e4 c5 2. Nf3 d6 3. d4 cxd4 4. Nxd4 Nf6 5. Nc3 a6 6. Be3 e5 7. Nf3 Qc7 8. h3 h6 9. g4 Be6 10. Bg2 b5 11. a3 Be7 12. Qd2 Nbd7 13. g5 hxg5 14. Nxg5 Nb6 15. Nxe6 fxe6 16. Bxb6 Qxb6 17. O-O-O b4 18. Na4 Qb5 19. Qxb4 Qxb4 20. axb4 Rb8 21. c3 Nh5 22. Bf1 Ra8 23. Nb6 Ra7 24. Nc8 Rd7 25. Bxa6 Kf7 26. Bb5 Rdd8 27. Nxe7 Kxe7 28. Rhg1 Kf6 29. Be2 Nf4 30. Bg4 Nxh3 31. Bxh3 Rxh3 32. Kc2 d5 33. Rd3 Rxd3 34. Kxd3 Ra8 35. c4 Rb8 36. b5 dxc4+ 37. Kxc4 Rc8+ 38. Kb4 Rc2 39. b3 Rc8 40. b6 Rb8 41. Kb5 g5 42. Kc6 Ke7 43. b7 Rg8 44. Kc7 1-0


[Site "https://www.chess.com"]

[Event "Titled Tuesday Blitz July 18 Late 2023"]
[White "Santos, Rafael Ventura Dos"]
[Black "Castella Garcia, Fausto"]
[WhiteFideId "2122227"]
[BlackFideId "3501922"]
[WhiteElo "2288"]
[BlackElo "2424"]
[Result "0-1"]
[Round "7"]
[TimeControl "180+2"]
[Date "2023.07.18"]
[WhiteClock "0:00:16"]
[BlackClock "0:01:25"]
[Board "123"]

1. d4 Nf6 2. c4 e5 3. dxe5 Ng4 4. Nf3 Bc5 5. e3 Nc6 6. Be2 O-O 7. O-O Re8 8. b3 Ngxe5 9. Bb2 a5 10. Nc3 Nxf3+ 11. Bxf3 Ne5 12. Be2 Ra6 13. Ne4 Ba7 14. Ng3 Rh6 15. Bd4 c5 16. Bc3 Qh4 17. h3 d6 18. f4 Qxg3 19. fxe5 Bxh3 20. Bf3 Bxg2 21. Bxg2 Qxe3+ 22. Rf2 Qxc3 23. Rc1 Qxe5 24. Qd3 Rg6 25. Rd1 Bb8 26. Qd5 Qxd5 27. Rxd5 Re5 28. Rxe5 dxe5 29. Rd2 Bd6 30. Kf2 b6 31. Be4 Rf6+ 32. Ke3 Kf8 33. Rg2 g6 34. Bd5 Ke7 35. Ke4 Rf4+ 36. Ke3 f5 37. Rh2 h5 38. Ke2 Kf6 39. Rg2 e4 40. Rg1 Be5 41. Rh1 Bd4 0-1


[Site "https://www.chess.com"]

[Event "Titled Tuesday Blitz July 18 Late 2023"]
[White "BrandonJiang123456"]
[Black "JonSnowNW1"]
[WhiteElo "2276"]
[BlackElo "2419"]
[Result "0-1"]
[Round "7"]
[TimeControl "180+2"]
[Date "2023.07.18"]
[WhiteClock "0:00:27"]
[BlackClock "0:01:24"]
[Board "124"]

1. Nf3 d5 2. d3 Nf6 3. Nbd2 e6 4. e4 dxe4 5. dxe4 b6 6. c3 Bb7 7. Qc2 Nbd7 8. Be2 Be7 9. O-O O-O 10. Re1 Nc5 11. e5 Nfe4 12. b4 Nxd2 13. Nxd2 Nd7 14. Bd3 g6 15. Be4 Bxe4 16. Qxe4 c5 17. a3 Qc7 18. Nf3 Rfd8 19. Bh6 b5 20. Qf4 Nb6 21. Bg5 Nd5 22. Qh4 Bxg5 23. Nxg5 h5 24. Ne4 cxb4 25. Nf6+ Nxf6 26. exf6 Rd5 27. cxb4 Rad8 28. Rac1 Qxc1 29. Rf1 Rd1 0-1


[Site "https://www.chess.com"]

[Event "Titled Tuesday Blitz July 18 Late 2023"]
[White "Stachanczyk, Jacek"]
[Black "Schut, Han"]
[WhiteFideId "1116657"]
[BlackFideId "1005561"]
[WhiteElo "2414"]
[BlackElo "2276"]
[Result "0-1"]
[Round "7"]
[TimeControl "180+2"]
[Date "2023.07.18"]
[WhiteClock "0:00:29"]
[BlackClock "0:00:13"]
[Board "125"]

1. e4 c5 2. Nf3 d6 3. d4 cxd4 4. Nxd4 Nf6 5. Nc3 a6 6. Bg5 e6 7. f4 Be7 8. Qf3 h6 9. Bh4 g5 10. fxg5 Nfd7 11. Qh5 Ne5 12. Nf3 Ng6 13. Bf2 hxg5 14. Qg4 Nd7 15. Nd4 Nde5 16. Qe2 Nf4 17. Qd2 Qc7 18. O-O-O Bd7 19. g3 Nfg6 20. Be3 g4 21. Kb1 O-O-O 22. Qf2 Kb8 23. a3 Rc8 24. Nb3 b5 25. Bd3 Nxd3 26. cxd3 Ne5 27. Bb6 Qb7 28. Na5 Qa8 29. d4 Nf3 30. d5 e5 31. Rc1 f5 32. exf5 Bxf5+ 33. Ka1 Bg5 34. Rcd1 Rxc3 35. bxc3 Rc8 36. Nc6+ Rxc6 37. dxc6 Qxc6 38. Ba5 e4 39. h4 gxh3 40. Qd4 Nxd4 41. cxd4 e3 42. d5 0-1


[Site "https://www.chess.com"]

[Event "Titled Tuesday Blitz July 18 Late 2023"]
[White "Al Mukhaini, Shima"]
[Black "Broca Jimenez, Fernando"]
[WhiteFideId "22005854"]
[BlackFideId "5104742"]
[WhiteElo "2397"]
[BlackElo "2269"]
[Result "1-0"]
[Round "7"]
[TimeControl "180+2"]
[Date "2023.07.18"]
[WhiteClock "0:00:19"]
[BlackClock "0:00:12"]
[Board "126"]

1. b3 g6 2. Bb2 Nf6 3. Bxf6 exf6 4. c4 Bg7 5. Nc3 O-O 6. g3 f5 7. Bg2 Nc6 8. e3 b6 9. Nge2 Bb7 10. O-O Re8 11. d4 Na5 12. Nd5 c6 13. Ndf4 d5 14. cxd5 cxd5 15. Nc3 Rc8 16. Nfxd5 Qd6 17. a3 Rxc3 18. Nxc3 Bxg2 19. Kxg2 Qc6+ 20. Qf3 Qxc3 21. Rfc1 Qxb3 22. Rc7 Nc4 23. Qc6 Nxe3+ 24. Kh1 Qd5+ 25. Qxd5 Nxd5 26. Rxa7 Re2 27. Rd7 Nc3 28. Rd8+ Bf8 29. Rc1 Ne4 30. Rcc8 Nxf2+ 31. Kg1 Nh3+ 32. Kf1 Rf2+ 33. Ke1 Rxh2 34. Rxf8+ Kg7 35. Rfe8 Nf2 36. Re3 Ne4 37. d5 Ra2 38. Rc6 Ra1+ 39. Ke2 Ra2+ 40. Kd1 Ra1+ 41. Kc2 Ra2+ 42. Kb3 Rd2 43. Kc4 Rc2+ 44. Kd3 Rd2+ 45. Kc4 b5+ 46. Kxb5 Rxd5+ 47. Kb6 Rd2 48. Rb3 Nd6 49. a4 Rd4 50. a5 Nc4+ 51. Kb5 Rg4 52. Rxc4 1-0


[Site "https://www.chess.com"]

[Event "Titled Tuesday Blitz July 18 Late 2023"]
[White "Luong Phuong Hanh"]
[Black "Cardozo Munar, Carlos Eduardo"]
[WhiteFideId "12401013"]
[BlackFideId "4409477"]
[WhiteElo "2396"]
[BlackElo "2249"]
[Result "1-0"]
[Round "7"]
[TimeControl "180+2"]
[Date "2023.07.18"]
[WhiteClock "0:01:35"]
[BlackClock "0:00:02"]
[Board "127"]

1. d4 d5 2. c4 e5 3. dxe5 d4 4. Nf3 Nc6 5. g3 Bg4 6. Bg2 Nge7 7. O-O Ng6 8. Qa4 Qd7 9. Rd1 h5 10. Be3 dxe3 11. Rxd7 exf2+ 12. Kf1 Bxd7 13. Qb3 O-O-O 14. Nc3 h4 15. Ne4 hxg3 16. hxg3 Be7 17. Kxf2 Rh5 18. Rh1 Rdh8 19. Rxh5 Rxh5 20. e3 Ngxe5 21. Nxe5 Rxe5 22. c5 f5 23. Qg8+ Bd8 24. Ng5 Ne7 25. Qxg7 Nc6 26. Bxc6 Re7 27. Bxd7+ Kxd7 28. Qd4+ Kc8 29. c6 bxc6 30. Qxa7 Kd7 31. Nf3 Re4 32. Nd4 Bf6 33. Qc5 f4 34. Qxc6+ 1-0


[Site "https://www.chess.com"]

[Event "Titled Tuesday Blitz July 18 Late 2023"]
[White "Yolosz"]
[Black "De Souza, Cristiano Gomes"]
[BlackFideId "2151758"]
[WhiteElo "2395"]
[BlackElo "2248"]
[Result "1-0"]
[Round "7"]
[TimeControl "180+2"]
[Date "2023.07.18"]
[WhiteClock "0:01:58"]
[BlackClock "0:01:31"]
[Board "128"]

1. d4 Nf6 2. Bf4 d6 3. e3 g6 4. Nc3 Bg7 5. h4 c6 6. Bd3 b5 7. h5 gxh5 8. Rxh5 Nxh5 9. Qxh5 Nd7 10. Qg5 Bf6 11. Qh6 b4 12. Ne4 Qb6 13. Bxd6 exd6 14. Nxf6+ Nxf6 15. Qxf6 Qd8 16. Qxh8+ Kd7 17. Qxd8+ Kxd8 18. Bxh7 Kc7 19. Be4 1-0


[Site "https://www.chess.com"]

[Event "Titled Tuesday Blitz July 18 Late 2023"]
[White "Kalaiyalahan, Akshaya"]
[Black "Todev, Simeon"]
[WhiteFideId "422894"]
[BlackFideId "2925133"]
[WhiteElo "2241"]
[BlackElo "2374"]
[Result "0-1"]
[Round "7"]
[TimeControl "180+2"]
[Date "2023.07.18"]
[WhiteClock "0:00:00"]
[BlackClock "0:00:24"]
[Board "129"]

1. e4 e6 2. d4 d5 3. exd5 exd5 4. Bd3 Nc6 5. Ne2 Nf6 6. c3 Bd6 7. O-O O-O 8. Nd2 h6 9. h3 Be6 10. Nf3 Qd7 11. Nf4 Rfe8 12. Qb3 Na5 13. Qc2 Ne4 14. Nxe6 Qe7 15. Nf4 c6 16. Be3 Qf6 17. Ne2 b5 18. Nd2 Qh4 19. Bxe4 dxe4 20. b4 Nb7 21. Nb3 f5 22. f4 exf3 23. Rxf3 f4 24. Bf2 Qg5 25. Nc5 Nxc5 26. dxc5 Bc7 27. Bd4 Re7 28. Raf1 Rf8 29. Qd2 Ref7 30. a4 a6 31. axb5 axb5 32. Ra1 Qd5 33. Ra6 Qe4 34. Qa2 Kh7 35. Kf1 Re7 36. Qd2 Qb1+ 37. Kf2 Qf5 0-1


[Site "https://www.chess.com"]

[Event "Titled Tuesday Blitz July 18 Late 2023"]
[White "Novikova, Margarita"]
[Black "Prieto Aranguren, Alain"]
[WhiteFideId "14109689"]
[BlackFideId "2268906"]
[WhiteElo "2202"]
[BlackElo "2363"]
[Result "0-1"]
[Round "7"]
[TimeControl "180+2"]
[Date "2023.07.18"]
[WhiteClock "0:00:02"]
[BlackClock "0:00:03"]
[Board "130"]

1. e4 c5 2. Nc3 Nc6 3. d3 e6 4. Be3 d5 5. exd5 exd5 6. Bd2 Nf6 7. g3 Be7 8. Bg2 O-O 9. Nge2 Be6 10. Nf4 Rb8 11. O-O b5 12. Re1 Nd4 13. Nce2 Bg4 14. h3 Nf3+ 15. Bxf3 Bxf3 16. d4 cxd4 17. Bc1 Ne4 18. Qd3 Ng5 19. Nxd4 Be4 20. Qd1 Bc5 21. h4 Bxd4 22. hxg5 Bb6 23. Be3 Rc8 24. Bxb6 Qxb6 25. c3 Rfd8 26. Ne2 Qe6 27. Nf4 Qf5 28. Qh5 b4 29. Rac1 bxc3 30. bxc3 Rb8 31. Re2 Rdc8 32. Qh4 d4 33. c4 d3 34. Rd2 Rxc4 35. Rcd1 Rd4 36. Ng2 Rbd8 37. Ne3 Qf3 38. Qh2 Rb8 39. Qg2 Qxg2+ 40. Nxg2 Rc8 41. Ne3 Ra4 42. Ng4 Bf3 43. Ne5 Bxd1 44. Rxd1 Rd8 45. Rxd3 Rxd3 46. Nxd3 Rxa2 47. Nb4 Ra1+ 48. Kg2 Rb1 49. Kf3 Rxb4 0-1


[Site "https://www.chess.com"]

[Event "Titled Tuesday Blitz July 18 Late 2023"]
[White "Eggleston, Thomas A"]
[Black "Francisco_Ferrari"]
[WhiteFideId "412139"]
[WhiteElo "2362"]
[BlackElo "2188"]
[Result "1-0"]
[Round "7"]
[TimeControl "180+2"]
[Date "2023.07.18"]
[WhiteClock "0:01:48"]
[BlackClock "0:00:20"]
[Board "131"]

1. e4 a6 2. d4 e6 3. Bd3 d5 4. Nc3 Nf6 5. e5 Nfd7 6. Nce2 c5 7. c3 Nc6 8. Nf3 b5 9. O-O Be7 10. Nf4 O-O 11. g3 b4 12. h4 Rb8 13. Nh5 bxc3 14. bxc3 cxd4 15. cxd4 f6 16. Re1 fxe5 17. dxe5 Nc5 18. Bxh7+ Kxh7 19. Qc2+ Kg8 20. Ng5 Nd4 21. Qh7# 1-0


[Site "https://www.chess.com"]

[Event "Titled Tuesday Blitz July 18 Late 2023"]
[White "Rodriguez Santiago, Jaime"]
[Black "Floresvillar Gonzalez, Luis Migu"]
[WhiteFideId "3100898"]
[BlackFideId "5100542"]
[WhiteElo "2354"]
[BlackElo "2090"]
[Result "1-0"]
[Round "7"]
[TimeControl "180+2"]
[Date "2023.07.18"]
[WhiteClock "0:00:46"]
[BlackClock "0:00:00"]
[Board "132"]

1. c4 e6 2. Nf3 Nf6 3. g3 b6 4. Bg2 Bb7 5. O-O c5 6. b3 Be7 7. Bb2 O-O 8. e3 d5 9. d3 dxc4 10. bxc4 Na6 11. a3 Qc7 12. Qe2 Rfd8 13. Nc3 Rac8 14. Rad1 Bc6 15. Ne1 Bxg2 16. Nxg2 Qb7 17. f4 Nc7 18. g4 Nd7 19. Ne4 Nf6 20. Nxf6+ Bxf6 21. Bxf6 gxf6 22. g5 f5 23. Rf3 Ne8 24. Rh3 f6 25. Qh5 Rd7 26. Kf2 Rg7 27. Rg3 fxg5 28. Rxg5 Nf6 29. Qh6 Rxg5 30. Qxg5+ Qg7 31. h3 h6 32. Qh4 Rd8 33. Rg1 Kh7 34. Ne1 Qf7 35. Nf3 Rg8 36. Ng5+ Rxg5 37. fxg5 Ne4+ 38. dxe4 fxe4+ 39. Qf4 Qd7 40. Qxe4+ Kh8 41. Qe5+ Kh7 42. g6+ Kg8 43. Qf6 Qd2+ 44. Kf3 1-0


[Site "https://www.chess.com"]